APP
CLEVELAND (APP) INDIANS @ GREAT FALLS VOYAGERS
09/11/2049
 
TOP OF THE 1ST
Cleveland (APP) Indians batting - Pitching for Great Falls Voyagers : RHP Dusty Haberstroh
Pitching: RHP Dusty Haberstroh
Batting: RHB Quan Tai 0-0: Ball
1-0: Ball
2-0: Called Strike
2-1: Fly out, F9 (Flyball, 89M, EV 81.2 MPH)
Batting: RHB Xavier Bartolani 0-0: Ball
1-0: Called Strike
1-1: Ball
2-1: Ball
3-1: Called Strike
3-2: Base on Balls
Batting: SHB Jack Tierney 0-0: Ball
1-0: 2-RUN HOME RUN (Flyball, 9D, EV 101.9 MPH), Distance : 403 ft
Batting: RHB Makoto Narita 0-0: Ball
1-0: Ball
2-0: Foul Ball, location: 2F
2-1: Called Strike
2-2: Ball
3-2: Foul Ball, location: 2F
3-2: SOLO HOME RUN (Flyball, 7D, EV 97.5 MPH), Distance : 390 ft
Batting: SHB Jay Rook 0-0: Ball
1-0: Ball
2-0: Called Strike
2-1: Foul Ball, location: 2F
2-2: Hit by Pitch
Batting: RHB Rob Marti 0-0: Grounds into double play, 6-4-3 (Groundball, 6, EV 88.1 MPH)
Top of the 1st over - 3 runs, 2 hits, 0 errors, 0 left on base; Cleveland (APP) 3 - Great Falls 0
BOTTOM OF THE 1ST
Great Falls Voyagers batting - Pitching for Cleveland (APP) Indians : RHP John Bychyk
Pitching: RHP John Bychyk
Batting: RHB Andy Cotton 0-0: Ball
1-0: Swinging Strike
1-1: Ball
2-1: Ball
3-1: Base on Balls
Batting: RHB Enrique Gomez 0-0: Ball
1-0: Ball
2-0: Swinging Strike
2-1: Foul Ball, location: 2F
2-2: Ball
3-2: Base on Balls
Andy Cotton to second
Batting: RHB Russ Cornett 0-0: Reached on error, E8 (Flyball, 8RD, EV 96.2 MPH)
Andy Cotton scores
Enrique Gomez to third
Batting: RHB Billy Grubbs 0-0: Swinging Strike
0-1: Called Strike
0-2: Ball
1-2: Ball
2-2: Ball
3-2: Fly out, F9 (Flyball, 9D, EV 101.9 MPH)
Runner from 3rd tags up, SCORES, throw by RF
Russ Cornett to third
Batting: RHB Mitch Cuadros 0-0: Ball
1-0: Ball
2-0: Ball
3-0: Called Strike
3-1: DOUBLE (Flyball, 8RXD, EV 87.5 MPH)
Russ Cornett scores
Batting: RHB Jake Feinstein 0-0: Called Strike
0-1: Swinging Strike
0-2: Ball
1-2: Ball
2-2: Strikes out looking
Batting: RHB Francisco Marin 0-0: Foul Ball, location: 2F
0-1: Ball
1-1: Ball
2-1: Foul Ball, location: 2F
2-2: DOUBLE (Line Drive, 3D, EV 101.2 MPH)
Mitch Cuadros scores
Batting: RHB David Cortez 0-0: Ball
1-0: Ground out 5-3 (Groundball, 5, EV 108.1 MPH)
Bottom of the 1st over - 4 runs, 2 hits, 1 error, 1 left on base; Cleveland (APP) 3 - Great Falls 4
TOP OF THE 2ND
Cleveland (APP) Indians batting - Pitching for Great Falls Voyagers : RHP Dusty Haberstroh
Batting: RHB Cruz Castro 0-0: Called Strike
0-1: Ball
1-1: Ball
2-1: Fly out, F9 (Flyball, 89D, EV 101.2 MPH)
Batting: RHB Russ Kennett 0-0: Called Strike
0-1: Swinging Strike
0-2: Foul Ball, location: 2F
0-2: Strikes out swinging
Batting: SHB Luis de Leon 0-0: Fly out, F8 (Flyball, 8LXD, EV 106.2 MPH)
Top of the 2nd over - 0 runs, 0 hits, 0 errors, 0 left on base; Cleveland (APP) 3 - Great Falls 4
BOTTOM OF THE 2ND
Great Falls Voyagers batting - Pitching for Cleveland (APP) Indians : RHP John Bychyk
Batting: RHB Dave Dominguez 0-0: Ball
1-0: Ball
2-0: Ball
3-0: Base on Balls
Batting: RHB Andy Cotton 0-0: Ball
1-0: Ball
2-0: Foul Ball, location: 2F
2-1: Called Strike
2-2: Hit by Pitch
Dave Dominguez to second
Batting: RHB Enrique Gomez 0-0: Ball
1-0: Ball
2-0: Ball
3-0: Called Strike
3-1: Called Strike
3-2: SINGLE (Groundball, 56D, EV 99.4 MPH)
Dave Dominguez to third
Andy Cotton to second
Runner from 3rd tries for Home, throw by LF and OUT! 7-2
Batting: RHB Russ Cornett 0-0: Called Strike
Andy Cotton steals 3rd base
Enrique Gomez to second
0-1: Ball
1-1: SINGLE (Groundball, 6MD, EV 93.8 MPH)
Andy Cotton scores
Enrique Gomez to third
Runner from 3rd tries for Home, SAFE, throw by CF to home
Russ Cornett to second
Pitching: RHP Mario Garza
Batting: RHB Billy Grubbs 0-0: Called Strike
0-1: DOUBLE (Flyball, 78D, EV 97.5 MPH)
Russ Cornett scores
Batting: RHB Mitch Cuadros 0-0: Ball
Passed Ball!
Billy Grubbs to third
1-0: DOUBLE (Line Drive, 8RXD, EV 103.8 MPH)
Billy Grubbs scores
Batting: RHB Jake Feinstein 0-0: Called Strike
0-1: Called Strike
0-2: Ball
1-2: Ball
2-2: Strikes out looking
Batting: RHB Francisco Marin 0-0: Ball
Wild Pitch!
Mitch Cuadros to third
1-0: Foul Ball, location: 2F
1-1: Ball
2-1: Ball
Wild Pitch!
Mitch Cuadros scores
3-1: Ground out U3 (Groundball, 3, EV 96.2 MPH)
Bottom of the 2nd over - 5 runs, 4 hits, 0 errors, 0 left on base; Cleveland (APP) 3 - Great Falls 9
TOP OF THE 3RD
Cleveland (APP) Indians batting - Pitching for Great Falls Voyagers : RHP Dusty Haberstroh
Batting: RHB Quan Tai 0-0: Ball
1-0: Ball
2-0: Ball
3-0: Base on Balls
Batting: RHB Xavier Bartolani 0-0: Called Strike
0-1: Fly out, F9 (Flyball, 9LS, EV 81.9 MPH)
Batting: SHB Jack Tierney 0-0: Ball
Quan Tai is caught stealing 2nd base 2-6
1-0: Ball
2-0: Ball
3-0: Foul Ball, location: 2F
3-1: Called Strike
3-2: SOLO HOME RUN (Flyball, 9LD, EV 96.9 MPH), Distance : 400 ft
Batting: RHB Makoto Narita 0-0: Ball
1-0: Called Strike
1-1: SINGLE (Groundball, 34D, EV 97.5 MPH)
Batting: SHB Jay Rook 0-0: SINGLE (Flyball, 78S, EV 95.6 MPH)
Makoto Narita to second
Batting: RHB Rob Marti 0-0: Foul Ball, location: 2F
0-1: 3-RUN HOME RUN (Flyball, 78XD, EV 98.8 MPH), Distance : 408 ft
Pitching: LHP Craig Courcha
Batting: RHB Cruz Castro 0-0: Foul Ball, location: 2F
0-1: Foul Ball, location: 2F
0-2: Ball
1-2: Ball
2-2: Ball
3-2: Strikes out swinging
Top of the 3rd over - 4 runs, 4 hits, 0 errors, 0 left on base; Cleveland (APP) 7 - Great Falls 9
BOTTOM OF THE 3RD
Great Falls Voyagers batting - Pitching for Cleveland (APP) Indians : RHP Mario Garza
Batting: RHB David Cortez 0-0: Called Strike
0-1: Fly out, F7 (Flyball, 7LM, EV 81.2 MPH)
Batting: RHB Dave Dominguez 0-0: Called Strike
0-1: Ball
1-1: Ball
2-1: Ball
3-1: Foul Ball, location: 2F
3-2: Strikes out looking
Batting: RHB Andy Cotton 0-0: Called Strike
0-1: Foul Ball, location: 2F
0-2: Ball
1-2: Foul Ball, location: 2F
1-2: Ground out 6-3 (Groundball, 6, EV 88.1 MPH)
Bottom of the 3rd over - 0 runs, 0 hits, 0 errors, 0 left on base; Cleveland (APP) 7 - Great Falls 9
TOP OF THE 4TH
Cleveland (APP) Indians batting - Pitching for Great Falls Voyagers : LHP Craig Courcha
Batting: RHB Russ Kennett 0-0: Ground out 5-3 (Groundball, 5, EV 111.9 MPH)
Batting: SHB Luis de Leon 0-0: Ball
1-0: Swinging Strike
1-1: TRIPLE (Flyball, 9D, EV 102.5 MPH)
Batting: RHB Quan Tai 0-0: Ball
1-0: Swinging Strike
1-1: Called Strike
1-2: Ball
2-2: Ball
3-2: Strikes out swinging, 2-3 out at first.
Batting: RHB Xavier Bartolani 0-0: Called Strike
0-1: Called Strike
0-2: SINGLE (Groundball, 6MS, EV 69.4 MPH) (infield hit)
Luis de Leon scores
Batting: SHB Jack Tierney 0-0: Ball
1-0: Swinging Strike
1-1: Foul Ball, location: 2F
1-2: Strikes out swinging
Top of the 4th over - 1 run, 2 hits, 0 errors, 1 left on base; Cleveland (APP) 8 - Great Falls 9
BOTTOM OF THE 4TH
Great Falls Voyagers batting - Pitching for Cleveland (APP) Indians : RHP Mario Garza
Batting: RHB Enrique Gomez 0-0: Ball
1-0: Called Strike
1-1: Fly out, F7 (Line Drive, 78M, EV 98.8 MPH)
Batting: RHB Russ Cornett 0-0: Foul Ball, location: 2F
0-1: Foul Ball, location: 2F
0-2: Ball
1-2: Foul Ball, location: 2F
1-2: Fly out, F8 (Flyball, 8LS, EV 87.5 MPH)
Batting: RHB Billy Grubbs 0-0: Ground out 6-3 (Groundball, 6S, EV 80.6 MPH)
Bottom of the 4th over - 0 runs, 0 hits, 0 errors, 0 left on base; Cleveland (APP) 8 - Great Falls 9
TOP OF THE 5TH
Cleveland (APP) Indians batting - Pitching for Great Falls Voyagers : LHP Craig Courcha
Batting: RHB Makoto Narita 0-0: Ball
1-0: Ball
2-0: Ball
3-0: Called Strike
3-1: Foul Ball, location: 2F
3-2: Base on Balls
Batting: SHB Jay Rook 0-0: Ball
1-0: Ball
2-0: Called Strike
2-1: Ball
3-1: Swinging Strike
3-2: Strikes out swinging
Batting: RHB Rob Marti 0-0: Foul Ball, location: 2F
0-1: Foul Ball, location: 2F
0-2: Strikes out swinging
Batting: RHB Cruz Castro 0-0: Ball
1-0: Ball
2-0: Swinging Strike
2-1: Fly out, F8 (Line Drive, 78D, EV 105.0 MPH)
Top of the 5th over - 0 runs, 0 hits, 0 errors, 1 left on base; Cleveland (APP) 8 - Great Falls 9
BOTTOM OF THE 5TH
Great Falls Voyagers batting - Pitching for Cleveland (APP) Indians : RHP Mario Garza
Batting: RHB Mitch Cuadros 0-0: Called Strike
0-1: Swinging Strike
0-2: Foul Ball, location: 2F
0-2: Foul Ball, location: 2F
0-2: Fly out, F8 (Flyball, 89S, EV 83.1 MPH)
Batting: RHB Jake Feinstein 0-0: Ball
1-0: Foul Ball, location: 2F
1-1: Foul Ball, location: 2F
1-2: Foul Ball, location: 2F
1-2: Ball
2-2: Foul Ball, location: 2F
2-2: Ball
3-2: Foul Ball, location: 2F
3-2: Foul Ball, location: 2F
3-2: SINGLE (Line Drive, 8LS, EV 100.0 MPH)
Batting: RHB Francisco Marin 0-0: Called Strike
0-1: Ball
1-1: Ball
2-1: Foul Ball, location: 2F
2-2: Foul Ball, location: 2F
2-2: Fielders Choice at 2nd, 5-4 (Groundball, 56S, EV 90.6 MPH)
Batting: RHB David Cortez 0-0: Ball
1-0: Ball
2-0: Called Strike
2-1: Called Strike
2-2: Strikes out looking
Bottom of the 5th over - 0 runs, 1 hit, 0 errors, 1 left on base; Cleveland (APP) 8 - Great Falls 9
TOP OF THE 6TH
Cleveland (APP) Indians batting - Pitching for Great Falls Voyagers : LHP Craig Courcha
Pitching: LHP Humberto Carrera
Batting: RHB Russ Kennett 0-0: Called Strike
0-1: Ground out 6-3 (Groundball, 6M, EV 88.8 MPH)
Batting: SHB Luis de Leon 0-0: Ground out 5-3 (Groundball, 5S, EV 89.4 MPH)
Pitching: RHP Bin Li
Batting: RHB Quan Tai 0-0: Swinging Strike
0-1: Ball
1-1: Foul Ball, location: 2F
1-2: Ball
2-2: Strikes out swinging
Top of the 6th over - 0 runs, 0 hits, 0 errors, 0 left on base; Cleveland (APP) 8 - Great Falls 9
BOTTOM OF THE 6TH
Great Falls Voyagers batting - Pitching for Cleveland (APP) Indians : RHP Mario Garza
Batting: RHB Dave Dominguez 0-0: Fly out, F7 (Flyball, 7, EV 83.1 MPH)
Batting: RHB Andy Cotton 0-0: Foul Ball, location: 2F
0-1: Ball
1-1: Ball
2-1: SINGLE (Flyball, 3D, EV 93.1 MPH)
Pitching: RHP David Aldape
Batting: RHB Enrique Gomez 0-0: Fly out, F1 (Popup, 13, EV 85.6 MPH)
Batting: RHB Russ Cornett 0-0: Ball
1-0: Ball
2-0: Foul Ball, location: 2F
2-1: Foul Ball, location: 2F
2-2: Ball
Andy Cotton is caught stealing 2nd base 2-4
Bottom of the 6th over - 0 runs, 1 hit, 0 errors, 0 left on base; Cleveland (APP) 8 - Great Falls 9
TOP OF THE 7TH
Cleveland (APP) Indians batting - Pitching for Great Falls Voyagers : RHP Bin Li
Batting: RHB Xavier Bartolani 0-0: Called Strike
0-1: Ball
1-1: Ball
2-1: Called Strike
2-2: Ball
3-2: Base on Balls
Batting: SHB Jack Tierney 0-0: Swinging Strike
0-1: Foul Ball, location: 2F
0-2: Ball
1-2: Fly out, F8 (Flyball, 8RS, EV 92.5 MPH)
Pinch Hitting: LHB Justin Eargle 0-0: Called Strike
0-1: Foul Ball, location: 2F
0-2: Ball
Wild Pitch!
Xavier Bartolani to second
1-2: Fly out, F8 (Flyball, 78M, EV 86.9 MPH)
Pitching: RHP Ben Robertson
Batting: SHB Jay Rook 0-0: Called Strike
0-1: Ball
1-1: Ball
2-1: Ball
3-1: Called Strike
3-2: Base on Balls
Batting: RHB Rob Marti 0-0: Called Strike
0-1: Ball
1-1: Fly out, F3 (Popup, 23F, EV 82.5 MPH)
Top of the 7th over - 0 runs, 0 hits, 0 errors, 2 left on base; Cleveland (APP) 8 - Great Falls 9
BOTTOM OF THE 7TH
Great Falls Voyagers batting - Pitching for Cleveland (APP) Indians : RHP David Aldape
Now at SS: Luke Burnham
Batting: RHB Russ Cornett 0-0: Called Strike
0-1: Ball
1-1: Foul Ball, location: 2F
1-2: Ball
2-2: Foul Ball, location: 2F
2-2: Ball
3-2: SINGLE (Groundball, 6, EV 101.9 MPH)
Batting: RHB Billy Grubbs 0-0: Ball
1-0: Ball
2-0: Called Strike
2-1: Fielders Choice at 2nd, 5-4 (Groundball, 56S, EV 81.9 MPH)
Batting: RHB Mitch Cuadros 0-0: Ball
1-0: Called Strike
Billy Grubbs steals 2nd base
1-1: Ball
2-1: Foul Ball, location: 2F
2-2: Ball
3-2: Fly out, F8 (Line Drive, 89M, EV 100.6 MPH)
Batting: RHB Jake Feinstein 0-0: Called Strike
0-1: Ball
1-1: Ball
2-1: Foul Ball, location: 2F
2-2: Foul Ball, location: 2F
2-2: Ball
3-2: Foul Ball, location: 2F
3-2: Foul Ball, location: 2F
3-2: Base on Balls
Batting: RHB Francisco Marin 0-0: Ball
1-0: Foul Ball, location: 2F
1-1: Ball
2-1: Ball
3-1: Base on Balls
Billy Grubbs to third
Jake Feinstein to second
Pitching: RHP Conrado Cristina
Batting: RHB David Cortez 0-0: Ball
1-0: Ground out U3 (Groundball, 34, EV 82.5 MPH)
Bottom of the 7th over - 0 runs, 1 hit, 0 errors, 3 left on base; Cleveland (APP) 8 - Great Falls 9
TOP OF THE 8TH
Cleveland (APP) Indians batting - Pitching for Great Falls Voyagers : RHP Ben Robertson
Pinch Hitting: LHB Mesfin Azagba 0-0: Ball
1-0: SINGLE (Line Drive, 7LM, EV 100.6 MPH)
Pitching: RHP Jose Rodriguez
Batting: RHB Russ Kennett 0-0: Bunt missed!
0-1: Sac Bunt to 13S - play at first, batter OUT! 1-3
Mesfin Azagba to second
Pinch Hitting: RHB Justin Teague 0-0: Ground out 5-3 (Groundball, 56, EV 86.2 MPH)
Batting: RHB Quan Tai 0-0: Fly out, F7 (Flyball, 78D, EV 103.1 MPH)
Top of the 8th over - 0 runs, 1 hit, 0 errors, 1 left on base; Cleveland (APP) 8 - Great Falls 9
BOTTOM OF THE 8TH
Great Falls Voyagers batting - Pitching for Cleveland (APP) Indians : RHP Conrado Cristina
Now at 1B: Kevin Trull
Now at 3B: Mesfin Azagba
Batting: RHB Dave Dominguez 0-0: Called Strike
0-1: Ball
1-1: Foul Ball, location: 2F
1-2: Strikes out looking
Batting: RHB Andy Cotton 0-0: Foul Ball, location: 2F
0-1: Swinging Strike
0-2: Ball
1-2: Strikes out swinging
Batting: RHB Enrique Gomez 0-0: Fly out, F9 (Line Drive, 89M, EV 90.0 MPH)
Bottom of the 8th over - 0 runs, 0 hits, 0 errors, 0 left on base; Cleveland (APP) 8 - Great Falls 9
TOP OF THE 9TH
Cleveland (APP) Indians batting - Pitching for Great Falls Voyagers : RHP Jose Rodriguez
Pitching: LHP Dave Fairn
Batting: RHB Xavier Bartolani 0-0: Ball
1-0: Called Strike
1-1: Swinging Strike
1-2: Ball
2-2: Ball
3-2: Base on Balls
Batting: SHB Jack Tierney 0-0: Ball
1-0: Ball
2-0: Called Strike
2-1: Foul Ball, location: 2F
2-2: Strikes out looking
Batting: RHB Luke Burnham 0-0: Ball
1-0: Ball
2-0: Called Strike
2-1: Foul Ball, location: 2F
2-2: Fly out, F6 (Flyball, 56D, EV 83.1 MPH)
Batting: SHB Jay Rook 0-0: Called Strike
0-1: Ball
1-1: Ball
2-1: Swinging Strike
2-2: Foul Ball, location: 2F
2-2: Strikes out swinging
Top of the 9th over - 0 runs, 0 hits, 0 errors, 1 left on base; Cleveland (APP) 8 - Great Falls 9
Sunday, July 16th , 2023 - OOTP Baseball 24.6 Build 69